 Dungeon Crawl Stone Soup version 0.28.0-53-g5a82cb258f (webtiles) character file.

Game seed: 13861678626602391136

202 Peloso the Skirmisher (level 5, 0/42 HPs)
             Began as a Demonspawn Fighter on June 10, 2022.
             Slain by an orc
             ... wielding a +0 trident
              (2 damage)
             ... on level 3 of the Dungeon.
             The game lasted 00:02:19 (1296 turns).

Peloso the Skirmisher (Demonspawn Fighter)          Turns: 1296, Time: 00:02:20

Health: 0/42       AC:  6    Str: 18    XL:     5   Next: 50%
Magic:  5/5        EV:  8    Int: 10    God:
Gold:   52         SH:  8    Dex: 12    Spells: 4/4 levels left

rFire   . . .      SeeInvis .   a - +0 long sword
rCold   . . .      Faith    .   c - +0 kite shield
rNeg    . . .      Spirit   .   f - +0 scale mail
rPois   .          Reflect  .   (no helmet)
rElec   .          Harm     .   (no cloak)
rCorr   .          Rampage  .   (no gloves)
Will    .....                   (no boots)
Stlth   ..........              (no amulet)
HPRegen 0.14/turn               (no ring)
MPRegen 0.09/turn               (no ring)

@: no status effects
A: demonic touch 2
a: no special abilities


You were on level 3 of the Dungeon.
You visited 1 branch of the dungeon, and saw 4 of its levels.

You collected 52 gold pieces.

Inventory:

Hand Weapons
 a - a +0 long sword (weapon)
 b - a +0 dagger of flaming
Armour
 c - a +0 kite shield (worn)
 f - a +0 scale mail (worn)
Jewellery
 e - an amulet of faith
Scrolls
 g - a scroll of immolation
Potions
 d - a potion of might
 h - a potion of curing {unknown}
 i - a potion of cancellation {unknown}


   Skills:
 + Level 3.7 Fighting
 + Level 3.4 Long Blades
 + Level 3.5 Armour
 + Level 1.0 Dodging
 + Level 0.2 Stealth
 + Level 3.3 Shields


You had 4 spell levels left.
You didn't know any spells.
Your spell library contained the following spells:

 Spells                   Type           Power      Damage    Failure   Level
 Tukima's Dance           Hex            0%         N/A       100%        3
 Passage of Golubria      Tloc           0%         N/A       100%        4
 Yara's Violent Unravell  Hex/Tmut       0%         3d3       100%        5


Dungeon Overview and Level Annotations

Branches:
Dungeon (4/15)
 Temple: D:4-7

Altars:

Shops:
D:1 ?


Innate Abilities, Weirdness & Mutations

Your touch may inflict irresistible damage on your foes.


Message History

You closely miss the orc.
The orc wizard hits you but does no damage.
The orc hits you but does no damage.
The orc hits you from afar with a +0 trident!
You barely miss the orc.
The orc wizard mumbles some strange words.
The orc wizard flickers and vanishes!
Deactivating autopickup; reactivate with Ctrl-A.
You block the orc's attack. x2; Something hits you but does no damage.
The orc hits you with a +0 club.
The orc hits you from afar with a +0 trident.
You barely miss the orc. Something hits you. You block the orc's attack.
The orc hits you from afar with a +0 trident.
Unknown command.
You hit the orc.
The orc is moderately wounded.
Something hits you. The orc hits you with a +0 club.
* * * LOW HITPOINT WARNING * * *
The orc misses you. Something hits you but does no damage.
You block the orc's attack. The orc barely misses you.
You hit the orc but do no damage.
The orc is moderately wounded.
Something hits you but does no damage. The orc hits you but does no damage.
The orc hits you from afar with a +0 trident.
* * * LOW HITPOINT WARNING * * *
You hit the orc.
The orc is severely wounded.
Something hits you.
* * * LOW HITPOINT WARNING * * *
You block the orc's attack. The orc hits you but does no damage.
You block something's attack.
Unknown command.
You hit the orc.
You kill the orc!
The orc hits you from afar with a +0 trident.
* * * LOW HITPOINT WARNING * * *
Something hits you.
* * * LOW HITPOINT WARNING * * *
The orc hits you from afar with a +0 trident.
You die...

#.# #...#####......#
# #.# #...# ########
# #.# #...# # #.#
##### # #.# ######
###
#.###########....#
#..
#...........#....#
#..
###..............#
#..
#...........@..#####
#..
#..........{).o.....
#..
#########+#.........
#.. #........$ #..
#....##### #..
#....# ### ###### #
# #


You could see an orc.

Vanquished Creatures
  Sigmund (D:3)
  An iguana (D:3)
  A dart slug (D:1)
  3 orcs (D:3)
  A ball python (D:1)
  2 endoplasms (D:1)
  A giant cockroach (D:1)
  4 goblins
  A hobgoblin (D:1)
  2 jackals (D:3)
  A quokka (D:1)
  3 bats
  2 frilled lizards
  4 kobolds
  A rat (D:1)
28 creatures vanquished.

Notes
Turn   | Place    | Note
-------+----------+-------------------------------------------
     0 | D:1      | Peloso the Demonspawn Fighter began the quest for the Orb.
     0 | D:1      | Reached XP level 1. HP: 18/18 MP: 1/1
   283 | D:1      | Found Fig Unit's Magic Scroll Shop.
   347 | D:1      | Gained mutation: Your touch may inflict minor irresistible
                  | damage on your foes. [demonic ancestry]
   347 | D:1      | Reached XP level 2. HP: 24/24 MP: 2/2
   508 | D:1      | Found a faded altar of an unknown god.
   797 | D:2      | You fall into a shaft and drop 2 floors!
   810 | D:3      | Reached XP level 3. HP: 20/29 MP: 3/3
  1051 | D:3      | Noticed Sigmund
  1061 | D:3      | Killed Sigmund
  1062 | D:3      | Reached skill level 1 in Dodging
  1062 | D:3      | Reached XP level 4. HP: 21/37 MP: 4/4
  1062 | D:3      | Gained mutation: Your touch may inflict irresistible damage
                  | on your foes. [demonic ancestry]
  1062 | D:3      | Reached XP level 5. HP: 24/42 MP: 5/5
  1296 | D:3      | HP: 2/42 [something (2)]
  1296 | D:3      | Slain by an orc

Illustrated notes

Levels and vault maps discovered:
D:1:      lightli_arrival_lavapool, layout_rooms,
          shapermc_ecumenical_altar_pompeii, serial_shops,
          nicolae_shop_statue_plus, minivault_14
D:2:      layout_loops_ring
D:3:      layout_basic, uniq_sigmund
D:4:      black_bear_nest_1, layout_cave_pods, tso_metal_star, serial_shops,
          nicolae_stop_n_shop_2, shop, nicolae_shop_hallway_plus

Skill      XL: |  1  2  3 |
---------------+----------+-----
Long Blades    | 2 3 |  3.4
Shields        | 3 |  3.3
Armour         | 3 |  3.5
Dodging        | 1 |  1.0
Fighting       | |  3.7
Stealth        | |  0.2

Action                   |  1- 3 |  4- 6 || total
-------------------------+-------+-------++-------
Melee: Long sword        |    62 |    17 ||    79
  Use: Scroll            |     1 |       ||     1
Armor: Scale mail        |    28 |    12 ||    40
Dodge: Dodged            |    24 |     6 ||    30
Block: Buckler           |    13 |       ||    13
       Kite shield       |     9 |    16 ||    25
